 Dungeon Crawl Stone Soup version 0.31.0-32-g396128a36d (webtiles) character file.

Game seed: 7269320989242865035

104757 Logoto the Severer (level 16, -15/235 HPs)
             Began as a Hill Orc Berserker on Apr 3, 2024.
             Was an Elder of Trog.
             Shot with an arrow by a centaur warrior (18 damage)
             ... on level 2 of the Shoals.
             The game lasted 01:38:49 (32324 turns).

Logoto the Severer (Hill Orc Berserker)            Turns: 32324, Time: 01:38:51

Health: -15/235    AC: 32    Str: 28    XL:     16   Next: 39%
Magic:  16/16      EV: -1    Int:  7    God:    Trog [****..]
Gold:   1279       SH:  0    Dex: 10    Spells: 15/15 levels left

rFire   . . .        l - +8 frozen axe "Frostbite" {freeze, freezing cloud, *Noise Fly rC+}
rCold   + . .        (shield currently unavailable)
rNeg    . . .        y - melded +2 chain mail {rN+}
rPois   +            X - melded +1 helmet {SInv}
rElec   .            j - melded +0 cloak {Will+}
rCorr   .            U - melded +0 pair of gloves
SInv    .            o - melded +1 pair of boots
Will    +....        L - amulet of regeneration
Stlth   ++           b - +4 ring of protection
HPRegen 1.39/turn    C - ring of poison resistance
MPRegen 0.15/turn

%: no passive effects
@: mighty, tree-form, grasped by roots, on berserk cooldown, slowed,
constricted, studying Dodging, very slow
A: stationary, stasis, torment immunity, boosted hp
a: Renounce Religion, Berserk, Trog's Hand, Brothers in Arms


You were on level 2 of the Shoals.
You worshipped Trog.
Trog was greatly pleased with you.
You were a tree.
You visited 4 branches of the dungeon, and saw 24 of its levels.
You visited the Abyss 1 time.

You collected 2105 gold pieces.
You spent 826 gold pieces at shops.

Inventory:

Hand Weapons
 l - the +8 frozen axe "Frostbite" (weapon) {freeze, freezing cloud, *Noise Fly rC+}
   (You took it off a yaktaur on level 15 of the Dungeon)

   rC+:       It protects you from cold.
   Fly:       It grants you flight.
   *Noise:    It may make a loud noise when swung.
 V - the +5 hand axe of Usalomam {flame, rC+}
   (You bought it in a shop on level 7 of the Dungeon)

   rC+:       It protects you from cold.
 Y - a +2 great mace of protection
Missiles
 a - a throwing net
 q - 29 poisoned darts (quivered)
 A - 9 atropa-tipped darts
 O - 9 datura-tipped darts
Armour
 j - a +0 cloak of willpower (melded)
 o - a +1 pair of boots (melded)
 y - a +2 chain mail of positive energy (melded)
 J - a +0 kite shield
 U - a +0 pair of gloves (melded)
 X - a +1 helmet of see invisible (melded)
Jewellery
 b - a +4 ring of protection (left branch)
 x - a ring of resist corrosion
 C - a ring of poison resistance (right branch)
 D - an amulet of the acrobat
 L - an amulet of regeneration (around neck)
 T - a ring of protection from fire
Wands
 r - a wand of iceblast (10)
 t - a wand of quicksilver (5)
 v - a wand of charming (7)
 G - a wand of flame (84)
 R - a wand of polymorph (9)
Scrolls
 d - 6 scrolls of fog
 f - 3 scrolls of silence
 i - a scroll of teleportation
 k - 8 scrolls of enchant armour
 m - 4 scrolls of fear
 p - 3 scrolls of revelation
 u - a scroll of poison
 F - 13 scrolls of identify
 I - a scroll of summoning {unknown}
 K - a scroll of brand weapon
 N - a scroll of acquirement {unknown}
 P - a scroll of amnesia {unknown}
 Q - a scroll of enchant weapon
 S - a scroll of torment {unknown}
Potions
 c - 3 potions of invisibility
 e - 5 potions of lignification
 g - a potion of berserk rage
 h - 8 potions of curing
 s - a potion of enlightenment
 w - 2 potions of cancellation
 B - a potion of attraction
 E - 2 potions of mutation
 M - a potion of haste {unknown}


   Skills:
 * Level 17.8 Fighting
 * Level 18.4(20.9) Axes
 + Level 14.2(17.1) Maces & Flails
 + Level 0.1 Throwing
 * Level 16.3 Armour
 + Level 5.5 Dodging
 + Level 2.2 Stealth
 + Level 4.1 Shields


You had 15 spell levels left.
You didn't know any spells.
Your spell library was empty.

Dungeon Overview and Level Annotations

Branches:
Dungeon (15/15)            Temple (0/1) D:5            Lair (5/5) D:8
 Shoals (2/4) Lair:2       Spider (0/4) Lair:2        Slime (0/5) Lair:5
    Orc (2/2) D:10            Elf (0/3) Orc:2        Vaults (0/5) D:13
 Depths (0/4) D:15

Altars:
Cheibriados
Elyvilon
Gozag
Kikubaaqudgha
Makhleb
Nemelex Xobeh
Sif Muna
Trog
Uskayaw
Vehumet
Wu Jian
Yredelemnul
Zin
Beogh

Shops:
D:7 (   Orc:1 (*[:   Orc:2 [:   Shoals:1 (   Shoals:2 **

Annotations:
Lair:5 exclusion: 2 oklob plants
Shoals:2 3 runed translucent doors, exclusion: obsidian statue, Heezod's ghost, journeyman MiBe; Jorgrun


Message History

Your +2 chain mail of positive energy melds into your body.
You feel less strong-willed.
You feel less perceptive.
You feel less protected from negative energy.
Your roots penetrate the ground.
Splash!
You fall into the shallow water.
Moving in this stuff is going to be slow.
The centaur warrior shoots an arrow.
The arrow hits you but does no damage. The grasping roots constrict you.
* * * LOW HITPOINT WARNING * * *
The centaur warrior shoots an arrow.
The arrow hits you!
* * * LOW HITPOINT WARNING * * *
Throw: 30 darts (poison)
Press: ? - help, Q - select action, (/) - cycle Shift-Dir - straight line, f - centaur warrior
Aim: a centaur warrior, wielding a +0 orcbow (70% to hit)
You throw a poisoned dart.
The poisoned dart hits the centaur warrior.
The centaur warrior is poisoned.
You hear a splash.
You carefully extract the barbed spikes from your body.
Jorgrun hits you but does no damage. The grasping roots constrict you.
Jorgrun splashes around in the water.
The grasping roots constrict you.
* * * LOW HITPOINT WARNING * * *
You slice Jorgrun!! You freeze Jorgrun!
Jorgrun is moderately wounded.
The centaur warrior shoots an arrow.
The arrow hits you but does no damage.
The centaur warrior shoots an arrow.
The arrow hits you but does no damage.
Jorgrun splashes around in the water.
The grasping roots constrict you.
You slice Jorgrun!! You freeze Jorgrun!
Jorgrun is heavily wounded.
The centaur warrior shoots an arrow.
The arrow hits you but does no damage. Jorgrun hits you but does no damage.
The grasping roots constrict you.
A manticore comes into view.
You miss Jorgrun.
Jorgrun is heavily wounded.
The centaur warrior shoots an arrow.
The arrow hits you but does no damage. Jorgrun hits you but does no damage.
The grasping roots constrict you!!
* * * LOW HITPOINT WARNING * * *
The centaur warrior shoots an arrow.
The arrow hits you!!
You die...

.~~~~~~~~.).~~~≈≈≈≈≈
..~~~..mt...~~~≈≈≈≈≈≈≈≈≈
..~~~.......~~~≈≈≈≈≈≈≈≈≈
..~~~.......~~~~≈≈≈≈≈≈≈≈
....~..###...~~~~≈≈≈≈≈≈≈
.......# ##..~~~~≈≈≈≈≈≈≈
..#....####...~~~≈≈≈≈≈≈≈
~...[.........~~g≈≈≈≈≈≈≈
≈~~~....##...~~~♣~~~~≈≈≈
≈≈≈≈~....H...~~~~~~~~~~≈
≈≈≈≈~..~..~~~c~~~~~.~≈~~
≈≈≈≈≈~..~~~~~~~~~.......
≈≈≈≈≈~~~.~(~~~~.......#.
≈≈≈≈≈≈≈~~~~~~~.........#
≈≈≈≈≈≈≈≈≈≈≈≈≈~...#....##
≈≈≈≈≈≈≈≈≈≈≈≈≈~...##...#
≈≈≈≈≈≈≈≈≈≈≈≈~~~...


You could see Jorgrun, a centaur warrior (poisoned) and a manticore.

Vanquished Creatures
  Rupert (D:13)
  A kraken (Shoals:2)
  Ilsuiw (Shoals:2)
  Louise (Shoals:2)
  Azrael (D:14)
  Snorg (D:11)
  3 merfolk javelineers
  Josephine (Orc:1)
  4 vault guards (D:13)
  3 merfolk impalers
  A rakshasa (D:15)
  A catoblepas (Lair:5)
  2 hydras
  2 ogre magi (Orc:2)
  4 boulder beetles
  Erica (D:9)
  2 merfolk avatars (Shoals:1)
  An alligator snapping turtle (Shoals:2)
  7 two-headed ogres
  4 centaur warriors
  A deep troll shaman (Lair:5)
  A merfolk aquamancer (Shoals:1)
  4 death yaks (Lair:5)
  4 orc high priests (Orc:2)
  2 occultists
  Sonja (Lair:5)
  Nergalle (Lair:3)
  A spatial maelstrom (D:14)
  Amaemon (D:8)
  3 skysharks
  An arcanist (D:14)
  2 deep elf pyromancers
  2 orc knights
  A necromancer (D:15)
  4 harpies (Shoals:1)
  Maurice (D:11)
  4 orc sorcerers
  9 ugly things
  8 cyclopes
  10 manticores
  8 elephants
  6 black mambas
  A kobold blastminer (Orc:1)
  3 meliai
  2 centaur zombies (D:15)
  A water nymph (Shoals:2)
  2 torpor snails
  A gargoyle (D:11)
  A centaur skeleton (D:15)
  An orange demon (D:9)
  8 cane toads
  3 rime drakes
  6 yaktaurs
  A kobold demonologist (D:12)
  9 komodo dragons
  A polar bear (shapeshifter) (D:13)
  5 polar bears
  A queen bee (shapeshifter) (D:15)
  6 trolls
  12 merfolk
  2 wind drakes
  A hornet (D:8)
  2 wolf spider simulacra
  3 snapping turtles
  9 blink frogs
  4 slime creatures
  3 dream sheep (Shoals:1)
  7 wraiths
  46 yaks
  A ynoxinul (D:9)
  A shadow (D:10)
  6 wyverns
  A vampire (D:9)
  A yak (shapeshifter) (D:14)
  5 basilisks
  7 humans (D:13)
  2 steam dragons
  A fire elemental (D:14)
  A water elemental (Shoals:1)
  7 wargs
  11 vampire mosquitoes
  Edmund (D:5)
  A swamp worm (D:8)
  An acid dragon (D:10)
  13 water moccasins
  4 hell hounds (D:14)
  16 orc warriors
  A swamp drake (D:10)
  2 sky beasts
  4 laughing skulls
  A black bear (Lair:2)
  3 ice beasts (D:7)
  11 ogres
  11 wolves
  14 centaurs
  A phantom (D:5)
  6 kobold brigands
  4 gnoll sergeants
  8 bullfrogs
  3 scorpions
  5 wights (D:9)
  11 killer bees
  5 howler monkeys
  9 electric eels
  4 bombardier beetles
  3 hounds
  27 orc priests
  2 sleepcaps
  2 iguanas
  12 orc wizards
  13 gnolls
  7 adders
  A white imp (D:7)
  A howler monkey simulacrum (D:10)
  2 ufetubi (D:6)
  2 ribbon worms
  A dart slug (D:3)
  90 orcs
  3 ball pythons
  4 bats
  7 endoplasms
  5 goblins
  5 hobgoblins
  4 jackals
  19 kobolds
  3 quokkas
  2 frilled lizards
  2 rats (D:1)
  2 tentacles (Shoals:2)
660 creatures vanquished.

Vanquished Creatures (others)
  A vault guard (D:13)
  A merfolk aquamancer (Shoals:1)
  4 orcs
  A spectral weapon (D:15)
  2 tentacles (Shoals:2)
9 creatures vanquished.

Grand Total: 669 creatures vanquished

Notes
Turn   | Place    | Note
-------+----------+-------------------------------------------
     0 | D:1      | Logoto the Hill Orc Berserker began the quest for the Orb.
     0 | D:1      | Reached XP level 1. HP: 19/19 MP: 1/1
    64 | D:1      | Reached XP level 2. HP: 26/27 MP: 2/2
    69 | D:1      | Found a faded altar of an unknown god.
   541 | D:2      | Reached ** piety under Trog
   571 | D:2      | Reached XP level 3. HP: 34/34 MP: 3/3
  1162 | D:3      | Found an opulent altar of Gozag.
  1189 | D:3      | Reached skill level 5 in Axes
  1189 | D:3      | Reached XP level 4. HP: 41/41 MP: 4/4
  2096 | D:4      | Reached XP level 5. HP: 47/47 MP: 5/5
  2254 | D:4      | Reached skill level 6 in Axes
  2512 | D:4      | Reached XP level 6. HP: 30/55 MP: 6/6
  2680 | D:4      | Reached skill level 7 in Axes
  2680 | D:4      | HP: 1/55 [burnt (6)]
  3298 | D:5      | Entered Level 5 of the Dungeon
  3319 | D:5      | Reached skill level 5 in Fighting
  3327 | D:5      | Reached skill level 1 in Maces & Flails
  3327 | D:5      | Reached XP level 7. HP: 61/61 MP: 7/7
  3392 | D:5      | Found a staircase to the Ecumenical Temple.
  3751 | D:5      | Reached skill level 5 in Armour
  3800 | D:5      | Noticed Edmund
  3809 | D:5      | Killed Edmund
  3978 | D:5      | Found an ornate altar of the Wu Jian Council.
  3978 | D:5      | Found an ancient bone altar of Kikubaaqudgha.
  3978 | D:5      | Found a hide-covered altar of Uskayaw.
  4128 | D:6      | Reached XP level 8. HP: 70/70 MP: 8/8
  4235 | D:6      | Reached skill level 8 in Axes
  5104 | D:7      | Noticed a wyvern
  5110 | D:7      | Killed a wyvern
  5178 | D:7      | Reached skill level 5 in Maces & Flails
  5221 | D:7      | Found a glowing silver altar of Zin.
  5271 | D:7      | Reached XP level 9. HP: 79/79 MP: 9/9
  5758 | D:7      | Found Lerol's Weapon Shoppe.
  5810 | D:8      | Reached skill level 9 in Axes
  5923 | D:8      | Found a staircase to the Lair.
  6229 | D:8      | Identified the +2 robe of Giam {Regen+ Str-4 Int+2}
  6521 | D:8      | Reached XP level 10. HP: 90/90 MP: 10/10
  6944 | D:9      | Noticed Amaemon
  6944 | D:9      | Noticed an orange demon
  6961 | D:8      | Killed Amaemon
  6962 | D:8      | Reached skill level 10 in Axes
  7220 | D:9      | Killed an orange demon
  7468 | D:9      | Found an ornate altar of the Wu Jian Council.
  7535 | D:9      | Reached *** piety under Trog
  8229 | D:9      | Found a radiant altar of Vehumet.
  8290 | D:9      | Found a basalt altar of Yredelemnul.
  8300 | D:9      | Noticed Erica
  8366 | D:9      | Killed Erica
  8367 | D:9      | Reached skill level 1 in Stealth
  8367 | D:9      | Reached XP level 11. HP: 99/99 MP: 11/11
  8513 | D:9      | Reached skill level 10 in Fighting
  8566 | D:9      | Found a shimmering blue altar of Sif Muna.
  8599 | D:9      | Found a bloodstained altar of Trog.
  8811 | D:10     | Entered Level 10 of the Dungeon
  8907 | D:10     | Reached skill level 11 in Axes
  9010 | D:9      | Reached skill level 10 in Armour
  9259 | D:10     | Reached skill level 10 in Maces & Flails
  9335 | D:10     | Noticed a centaur warrior
  9347 | D:10     | Killed a centaur warrior
  9482 | D:10     | Found a burning altar of Makhleb.
  9524 | D:10     | Noticed a two-headed ogre
  9544 | D:10     | Killed a two-headed ogre
  9601 | D:10     | Found a sparkling altar of Nemelex Xobeh.
  9601 | D:10     | Found a white marble altar of Elyvilon.
 10132 | D:10     | Found a staircase to the Orcish Mines.
 10398 | Lair:1   | Entered Level 1 of the Lair of Beasts
 10412 | Lair:1   | Reached XP level 12. HP: 108/108 MP: 12/12
 10957 | Lair:1   | Reached skill level 12 in Axes
 12109 | Lair:2   | Noticed a boulder beetle
 12124 | Lair:2   | Killed a boulder beetle
 13165 | Lair:2   | Found a staircase to the Shoals.
 13471 | Lair:2   | Found a hole to the Spider Nest.
 14200 | Lair:3   | Reached XP level 13. HP: 90/119 MP: 13/13
 14698 | Lair:2   | Reached skill level 13 in Axes
 15434 | Lair:3   | Noticed Nergalle
 15455 | Lair:3   | Killed Nergalle
 17107 | Lair:5   | Entered Level 5 of the Lair of Beasts
 17409 | D:7      | Bought the +5 hand axe of Usalomam {flame, rC+} for 666
                  | gold pieces
 18248 | Lair:5   | Found a staircase to the Slime Pits.
 18501 | Lair:5   | Noticed Sonja
 19281 | Lair:5   | Reached skill level 14 in Axes
 19281 | Lair:5   | Reached XP level 14. HP: 132/132 MP: 14/14
 19291 | Lair:5   | Killed Sonja
 19955 | Orc:1    | Entered Level 1 of the Orcish Mines
 19955 | Orc:1    | Found Caddeddi's Assorted Antiques.
 19999 | Orc:1    | Noticed Josephine
 20052 | Orc:1    | Found Maysatz's Antique Armour Shop.
 20060 | Orc:1    | Killed Josephine
 20117 | Orc:1    | Bought a glowing scarf for 160 gold pieces
 20416 | Orc:1    | Found Nehyos's Book Boutique.
 20435 | Orc:1    | Reached **** piety under Trog
 20676 | Orc:2    | Entered Level 2 of the Orcish Mines
 20846 | Orc:2    | Found a burning altar of Makhleb.
 21180 | Orc:2    | Paralysed by an ogre mage for 2 turns
 21422 | Orc:2    | Found a staircase to the Elven Halls.
 21428 | Orc:2    | Reached skill level 15 in Axes
 21844 | Orc:1    | Found Omiejeijei's Book Shop.
 22182 | Orc:2    | Reached skill level 15 in Fighting
 22242 | Orc:2    | Found Feuzash's Antique Armour Emporium.
 22444 | Orc:2    | Found a roughly hewn altar of Beogh.
 22455 | Orc:2    | Found Nuwkid's Book Shoppe.
 22481 | Orc:2    | Reached ***** piety under Trog
 22586 | Orc:2    | Found Mairoa's Antique Armour Emporium.
 23017 | Orc:1    | Found Qeusuc Nyot's Weapon Emporium.
 23707 | D:11     | Found a snail-covered altar of Cheibriados.
 23707 | D:11     | Noticed Snorg
 23737 | D:11     | Killed Snorg
 24103 | D:11     | Noticed Maurice
 24113 | D:11     | Killed Maurice
 24234 | D:12     | Found a gate leading to a gauntlet.
 25355 | D:12     | Reached skill level 1 in Shields
 26091 | D:12     | Reached XP level 15. HP: 105/143 MP: 15/15
 26350 | D:13     | Reached skill level 15 in Armour
 26838 | D:13     | Found a gate to the Vaults.
 26990 | D:13     | Noticed Rupert
 26994 | D:13     | Paralysed by Rupert for 5 turns
 27037 | D:13     | Killed Rupert
 27038 | D:13     | Reached skill level 16 in Axes
 27919 | D:14     | Noticed Azrael
 27943 | D:14     | Killed Azrael
 28008 | D:14     | Reached skill level 5 in Dodging
 28429 | D:15     | Entered Level 15 of the Dungeon
 28572 | D:15     | Found a sparkling altar of Nemelex Xobeh.
 28934 | Abyss:3  | Cast into level 3 of the Abyss (an occultist)
 28952 | Abyss:3  | Noticed a tentacled starspawn
 28977 | Abyss:3  | Found a corrupted altar of Lugonu.
 28986 | D:15     | Escaped the Abyss
 30122 | D:15     | Found a staircase to the Depths.
 30478 | Shoals:1 | Entered Level 1 of the Shoals
 30541 | Shoals:1 | Reached skill level 17 in Axes
 30779 | Shoals:1 | Found Neqox's Antique Weapon Shop.
 30836 | Shoals:1 | Reached XP level 16. HP: 109/155 MP: 16/16
 31779 | Shoals:2 | Found a runed translucent gate.
 31779 | Shoals:2 | Found a runed translucent gate.
 31779 | Shoals:2 | Found a runed translucent gate.
 31780 | Shoals:2 | Found an opulent altar of Gozag.
 31781 | Shoals:2 | Noticed Heezod's ghost (journeyman MiBe)
 31799 | Shoals:2 | Found Afiasch's Assorted Antiques.
 31800 | Shoals:2 | Found Roppeeqois's Assorted Antiques.
 31981 | Shoals:2 | Reached skill level 18 in Axes
 31982 | Shoals:2 | Noticed a kraken
 32034 | Shoals:2 | Killed a kraken
 32039 | Shoals:2 | Noticed Ilsuiw
 32166 | Shoals:2 | Killed Ilsuiw
 32293 | Shoals:2 | Noticed Louise
 32314 | Shoals:2 | Killed Louise
 32314 | Shoals:2 | Noticed Jorgrun
 32324 | Shoals:2 | HP: 3/235 [constriction (18)]
 32324 | Shoals:2 | Shot with an arrow by a centaur warrior

Illustrated notes

Levels and vault maps discovered:
D:1:      dreamdust_arrival_sigmund_warning, layout_rooms,
          ebering_ecumenical_altar_box
D:2:      layout_basic
D:3:      layout_basic, mainiacjoe_overflow_brackets
D:4:      layout_cave_pools, minmay_manual_moon
D:5:      layout_loops_ring, gammafunk_temple_overflow_claw,
          minmay_temple_entry_drinking_statues, uniq_edmund
D:6:      layout_rooms, nicolae_hexahallways, kennysheep_flooded_box,
          dk_vineyard_3
D:7:      layout_basic, zin_treasury, serial_shops, kennysheep_mini
D:8:      layout_gridville, lair_entry_dummy, worms_lemuel
D:9:      layout_cave_pools, nzn_overflow_gifts_of_might_and_magic,
          nicolae_overflow_hidden_temple, hangedman_feature_mirror,
          kennysheep_generic_room_13, uniq_erica, uniq_amaemon
D:10:     minmay_distorted_concentric_squares, layout_gridville,
          mainiacjoe_overflow_alcove_1, gammafunk_temple_overflow_wave,
          erik_orc_1
D:11:     layout_cave_pods, serial_column_ruins, column_ruins_grid_1,
          column_ruins_open_medium_water, column_ruins_grid_1,
          column_ruins_open_medium, slow_altar_1, uniq_snorg, uniq_maurice
D:12:     wander_river, layout_basic, gauntlet_entry_generic
D:13:     layout_long_grid, ximxim_vaults_locker_room, uniq_rupert
D:14:     layout_cave_pools, uniq_azrael
D:15:     grunt_enter_depths_magical_seal, layout_basic,
          minmay_misc_feat_diagonals, nemelex_spade_bored_becter
Lair:1:   layout_regular_city, chequers_serial_rivers_small_b
Lair:2:   layout_big_grid, minmay_shoals_entry_beasts, dummy_spider_entry,
          serial_bayou_shore_a, serial_bayou_shore_b, grunt_megastairs_1
Lair:3:   layout_gridlike, lemuel_fruit_fields, uniq_nergalle
Lair:4:   layout_cave_pods, serial_rivers, chequers_serial_rivers_marsh,
          chequers_serial_rivers_marsh, chequers_serial_rivers_small_a,
          chequers_serial_rivers_small_3, chequers_serial_rivers_micro_e,
          chequers_serial_rivers_small_3, serial_bayou_lake_a
Lair:5:   grunt_lair_end_beastmaster, layout_long_grid,
          minmay_slime_entry_oklob_open, uniq_sonja
Shoals:1: layout_shoals, serial_shops, nicolae_shop_just_a_little_nook,
          st_sunken_huts
Shoals:2: layout_shoals, ebering_ghost_gozag, uniq_louise, uniq_jorgrun,
          uniq_ilsuiw
Orc:1:    layout_diamond_mine, serial_shops, shop, shop, shop,
          nicolae_shop_just_a_little_nook, nicolae_lakefront_shop,
          nicolae_orc_takin'_care_of_business, uniq_josephine
Orc:2:    st_orc_town, layout_diamond_mine, basic_altar

Skill      XL: |  1  2  3  4  5  6  7  8  9 10 11 12 13 14 15 16 |
---------------+-------------------------------------------------+-----
Fighting       | 4 5 7 8 9 10 12 14 15 17 | 17.8
Axes           | 5 6 7 8 9 10 11 12 14 15 17 18 | 18.4
Armour         | 3 4 5 6 7 9 10 11 13 14 16 | 16.3
Dodging        | 2 3 4 5 |  5.5
Maces & Flails | 1 2 5 7 9 11 13 14 | 14.2
Stealth        | 1 2 |  2.2
Shields        | 1 4 |  4.1
Throwing       | |  0.1

Action                     |  1- 3 |  4- 6 |  7- 9 | 10-12 | 13-15 | 16-18 || total
---------------------------+-------+-------+-------+-------+-------+-------++-------
  Melee: Hand axe          |    96 |    80 |       |       |   900 |       ||  1076
         Punch             |     2 |       |       |       |     8 |       ||    10
         Flail             |       |    40 |    51 |       |       |       ||    91
         Dire flail        |       |       |   174 |   610 |   217 |       ||  1001
         War axe           |       |       |       |       |   112 |       ||   112
         Executioner's axe |       |       |       |       |    76 |   120 ||   196
  Throw: Dart              |       |       |       |     2 |       |     1 ||     3
 Invoke: Berserk           |     3 |     9 |    16 |    33 |    60 |    10 ||   131
    Use: Scroll            |       |     6 |     3 |     2 |    17 |     1 ||    29
         Potion            |       |       |     1 |       |     2 |     6 ||     9
   Stab: Distracted        |       |       |       |       |     1 |       ||     1
 Armour: Animal skin       |    16 |       |       |       |       |       ||    16
         Ring mail         |     8 |       |       |       |       |       ||     8
         Plate armour      |    43 |   110 |    49 |       |       |       ||   202
         Chain mail        |       |       |   157 |   599 |  1162 |   201 ||  2119
         Skin              |       |       |       |       |       |    13 ||    13
  Dodge: Dodged            |    63 |    41 |    81 |   321 |   591 |    84 ||  1181
  Block: Kite shield       |       |       |       |       |   150 |       ||   150
